 Dungeon Crawl Stone Soup version 0.30-a0-335-ge5acde7520 (webtiles) character file.

Game seed: 17431464115574607597

5 p00ps00p the Trooper (level 1, 0/20 HPs)
             Began as a Hill Orc Fighter on Oct 30, 2022.
             Slain by a jackal (3 damage)
             ... on level 1 of the Dungeon.
             The game lasted 00:00:53 (27 turns).

p00ps00p the Trooper (Hill Orc Fighter)               Turns: 27, Time: 00:00:54

Health: 0/20       AC:  6    Str: 18    XL:     1   Next: 80%
Magic:  1/1        EV:  9    Int:  8    God:
Gold:   0          SH:  4    Dex: 10    Spells: 0/0 levels left

rFire   . . .      SeeInvis .    a - +0 war axe
rCold   . . .      Faith    .    c - +0 buckler
rNeg    . . .      Spirit   .    b - +0 scale mail
rPois   .          Reflect  .    (no helmet)
rElec   .          Harm     .    (no cloak)
rCorr   .          Rampage  .    (no gloves)
Will    .....                    (no boots)
Stlth   ..........               (no amulet)
HPRegen 0.23/turn                (no ring)
MPRegen 0.07/turn                (no ring)

@: mighty
A: no striking features
a: no special abilities


You were on level 1 of the Dungeon.
You visited 1 branch of the dungeon, and saw 1 of its levels.

Inventory:

Hand Weapons
 a - a +0 war axe (weapon)
Armour
 b - a +0 scale mail (worn)
 c - a +0 buckler (worn)
Scrolls
 e - a scroll of butterflies {unknown}


   Skills:
 + Level 4.1 Fighting
 - Level 2.6 Axes
 - Level 3.2 Armour
 - Level 3.2 Shields


You couldn't memorise any spells.
You didn't know any spells.
Your spell library was empty.

Dungeon Overview and Level Annotations

Branches:
Dungeon (1/15)

Altars:


Message History

You slash the kobold!
You kill the kobold!
The ball python bites you but does no damage.
The ball python constricts you.
The jackal bites you but does no damage.
The ball python completely misses you. The ball python constricts you.
You closely miss the ball python. You slash the jackal!
You kill the jackal!
The ball python barely misses you. The ball python constricts you.
The jackal bites you but does no damage.
You slice the ball python!!
You kill the ball python!
You closely miss the jackal. You barely miss the ball python.
The jackal bites you but does no damage.
The ball python bites you but does no damage.
The ball python closely misses you. The jackal bites you.
* * * LOW HITPOINT WARNING * * *
The ball python closely misses you. The ball python grabs you.
The ball python constricts you.
* * * LOW HITPOINT WARNING * * *
Your Fighting skill increases to level 4!
You escape the ball python's grasp.
You block the jackal's attack.
You hit the jackal.
The jackal is almost dead.
You closely miss the ball python.
The jackal bites you but does no damage.
The jackal barely misses you. The ball python barely misses you. x2
You closely miss the jackal.
The jackal is almost dead.
You slash the ball python!
You kill the ball python!
The jackal bites you but does no damage.
A jackal comes into view.
The jackal bites you.
* * * LOW HITPOINT WARNING * * *
The jackal barks!
You slash the jackal!
You kill the jackal!
The jackal bites you.
You die...

# ########>#
...#... .
#h#)##....
#@†.....#.
#.#.......
#.####.... ..
####..#...##
#..#.#..#....##
....#.#.#.#......#
....#.....#......#
.....#...#......##
.[...#...#.....#.#


You could see a jackal.

Vanquished Creatures
  2 ball pythons (D:1)
  2 jackals (D:1)
  2 kobolds (D:1)
6 creatures vanquished.

Notes
Turn   | Place    | Note
-------+----------+-------------------------------------------
     0 | D:1      | p00ps00p the Hill Orc Fighter began the quest for the Orb.
     0 | D:1      | Reached XP level 1. HP: 19/19 MP: 1/1
    24 | D:1      | Reached skill level 4 in Fighting
    27 | D:1      | Slain by a jackal

Illustrated notes

Levels and vault maps discovered:
D:1:      spicycebolla_arrival_xxxplode, layout_basic

Skill      XL: |  1 |
---------------+----+-----
Fighting       | 4 |  4.1
Axes           | |  2.6
Armour         | |  3.2
Shields        | |  3.2

Action                   || total
-------------------------++-------
Melee: War axe           ||    11
  Use: Potion            ||     1
Armor: Scale mail        ||    20
Dodge: Dodged            ||     8
Block: Buckler           ||     4

Table legend: (Time is in decaauts)
 A = Elapsed time spent in this place.
 B = Non-inter-level travel time spent in this place.
 C = Inter-level travel time spent in this place.
 D = Time resting spent in this place.
 E = Time spent auto-exploring this place.
 F = Levels seen in this place.
 G = Mean time per level.
                   A        B        C        D        E       F      G
               +--------+--------+--------+--------+--------+-----+--------+
         Total |     31 |     31 |      0 |      0 |     10 |   1 |   31.0 |
       Dungeon |     31 |     31 |      0 |      0 |     10 |   1 |   31.0 |
               +--------+--------+--------+--------+--------+-----+--------+

Top non-repeatable levels by time:
     D:1: 31 daAuts
